 Dungeon Crawl Stone Soup version 0.31-a0-675-g238779eb0a (webtiles) character file.

Game seed: 18078150720360586133

42 qw the Shooter (level 3, 0/22 HPs)
             Began as a Gargoyle Hunter on Sept 5, 2023.
             Slain by a gnoll
             ... wielding a +0 halberd of pain
              (4 damage)
             ... on level 2 of the Dungeon.
             The game lasted 00:00:27 (1233 turns).

qw the Shooter (Gargoyle Hunter)                    Turns: 1233, Time: 00:00:27

Health: 0/22       AC:  6    Str: 14    XL:     3   Next: 54%
Magic:  3/3        EV: 11    Int:  9    God:
Gold:   76         SH:  0    Dex: 15    Spells: 2/2 levels left

rFire   . . .        Y - +0 shortbow
rCold   . . .        (shield currently unavailable)
rNeg    + . .        c - +0 leather armour
rPois   inf          (no helmet)
rElec   +            (no cloak)
rCorr   .            (no gloves)
SInv    .            (no boots)
Will    .....        (no amulet)
Stlth   ++           (no ring)
HPRegen 0.23/turn    (no ring)
MPRegen 0.08/turn

%: no passive effects
@: no status effects
A: sickness immunity, AC +3, negative energy resistance 1, electricity
resistance, torment resistance 1, petrification resistance
a: no special abilities


You were on level 2 of the Dungeon.
You visited 1 branch of the dungeon, and saw 2 of its levels.

You collected 76 gold pieces.


Innate Abilities, Weirdness & Mutations

You are immune to sickness and miasma.
Your stone body is resilient. (AC +3)
You are immune to poison.
You resist negative energy. (rN+)
You are resistant to electric shocks. (rElec)
You are resistant to unholy torment.
You are immune to petrification.


   Skills:
 + Level 2.7 Fighting
 - Level 5.0 Ranged Weapons
 - Level 1.5 Dodging
 - Level 1.1 Stealth


You had 2 spell levels left.
You didn't know any spells.
Your spell library was empty.

Inventory:

Hand Weapons
 Y - a +0 shortbow (weapon)
Armour
 c - a +0 leather armour (worn)
Potions
 a - a potion of lignification {unknown}
 b - a potion of invisibility {unknown}
 f - a potion of heal wounds
 g - a potion of attraction {unknown}
 i - 3 potions of curing {unknown}
 j - a potion of mutation {unknown}

Dungeon Overview and Level Annotations

Branches:
Dungeon (2/15)

Altars:


Message History

The gnoll closely misses you.
You shoot an arrow. The arrow hits the gnoll.
The gnoll is almost dead.
A hobgoblin comes into view.
You shoot an arrow. The arrow barely misses the gnoll.
The gnoll hits you with a +0 flail!
You shoot an arrow. The arrow hits the gnoll!
The gnoll is heavily wounded.
A gnoll comes into view. It is wielding a +0 spear.
1227 |||
Found retreat position at 0,-1 (floor) with 0 blocking monsters and 2 monsters attacking at destination at distance 1
Enter note:
Enter note:
1227 ||| Stepping ~*~*~tactically~*~*~ (retreating).
An endoplasm comes into view.
The endoplasm quivers.
1228 |||
Found retreat position at 7,-3 (floor) with 0 blocking monsters and 2 monsters attacking at destination at distance 7
Enter note:
Enter note:
1228 |||
Found retreat position at 7,-3 (floor) with 0 blocking monsters and 2 monsters attacking at destination at distance 7
1228 ||| RETREATING.
Enter note:
Enter note:
1229 |||
Found retreat position at 6,-2 (floor) with 0 blocking monsters and 2 monsters attacking at destination at distance 6 You shoot an arrow.
The arrow hits the gnoll.
The gnoll is moderately wounded.
You shoot an arrow. The arrow hits the gnoll.
The gnoll is moderately wounded.
The endoplasm closely misses you. The gnoll closely misses you.
You shoot an arrow. The arrow hits the gnoll.
The gnoll is heavily wounded.
The endoplasm freezes you.
You are frozen.
The gnoll hits you with a +0 flail.
Enter note:
Enter note: You shoot an arrow.
The arrow hits the gnoll but does no damage.
The gnoll is heavily wounded.
The endoplasm barely misses you. The gnoll hits you with a +0 flail.
The gnoll hits you from afar with a +0 halberd of pain.
You die...

# ##....### . #
#...#...## #.. #
#...###..# ..
########...# ##.##.###.
##........#####).......
##.#....#.....%.....####
##.#..###.....#####....
#.....# #..##.####..##.#
#....####.....gg@Jr.....
<...#.......##g###.###..
......#....###.#.....
..#...#..#####g#.# ##
.........####.gr.##
......#...##..%...#
....(......#.#....gg..
.............#...#.....
..###........#.###g.##.


You could see 3 gnolls, an endoplasm and a rat.

Vanquished Creatures
  2 dart slugs (D:2)
  6 bats
  2 endoplasms (D:1)
  A giant cockroach (D:1)
  3 hobgoblins (D:1)
  4 jackals (D:1)
  2 quokkas (D:1)
  2 ball pythons
  3 frilled lizards (D:1)
  5 goblins
  2 kobolds
  2 rats
34 creatures vanquished.

Notes
Turn   | Place    | Note
-------+----------+-------------------------------------------
     0 | D:1      | qw the Gargoyle Hunter began the quest for the Orb.
     0 | D:1      | Reached XP level 1. HP: 12/12 MP: 1/1
     0 | D:1      | 0 ||| qw: Version: 0.3-a-75-g829b12e
     0 | D:1      | 0 ||| qw: Game counter: 136
     0 | D:1      | 0 ||| qw: Melee chars always use a shield: true
     0 | D:1      | 0 ||| qw: God list: Okawaru
     0 | D:1      | 0 ||| qw: Allow faded altars: false
     0 | D:1      | 0 ||| qw: Do Orc after clearing Dungeon:15 true
     0 | D:1      | 0 ||| qw: Do second Lair branch before Depths: true
     0 | D:1      | 0 ||| qw: Lair rune preference: random
     0 | D:1      | 0 ||| qw: Goals: Normal
     0 | D:1      | 0 ||| PLANNING D:1-11
   173 | D:1      | Reached XP level 2. HP: 17/17 MP: 2/2
   674 | D:1      | Reached XP level 3. HP: 19/21 MP: 3/3
   684 | D:1      | Reached skill level 5 in Ranged Weapons
   871 | D:1      | 871 ||| READING scroll labelled IRERRE XOFUAMU.
   972 | D:1      | 972 ||| READING scroll labelled XAIREKK LIARGH.
   973 | D:1      | 973 ||| READING scroll labelled HETETE DISEX.
   974 | D:1      | 974 ||| DRINKING 2 fuming silvery potions.
   975 | D:1      | 975 ||| DROPPING scroll of butterflies.
  1042 | D:2      | 1042 ||| FLEEEEING.
  1218 | D:2      | 1218 ||| Stepping ~*~*~tactically~*~*~ (retreating).
  1219 | D:2      | 1219 ||| Stepping ~*~*~tactically~*~*~ (retreating).
  1220 | D:2      | HP: 5/22 [gnoll/+0 halberd of pain (8)]
  1221 | D:2      | 1221 ||| DRINKING 2 potions of heal wounds.
  1227 | D:2      | 1227 ||| Stepping ~*~*~tactically~*~*~ (retreating).
  1228 | D:2      | 1228 ||| RETREATING.
  1233 | D:2      | HP: 4/22 [gnoll/+0 flail (4)]
  1233 | D:2      | Slain by a gnoll

Levels and vault maps discovered:
D:1:      matt_arrival_los_fun, layout_basic, minmay_hexomino_f4
D:2:      layout_rooms

Skill      XL: |  1  2  3 |
---------------+----------+-----
Ranged Weapons | 5 |  5.0
Fighting       | |  2.7
Dodging        | |  1.5
Stealth        | |  1.1

Action                     || total
---------------------------++-------
   Fire: Shortbow          ||   106
    Use: Scroll            ||     3
         Potion            ||     2
 Armour: Leather armour    ||    44
  Dodge: Dodged            ||    47

Table legend:
 A = Non-vault XP
 B = Vault XP
 C = Vault XP percentage of total XP
 D = Non-vault monster count
 E = Vault monster count
 F = Vault count percentage of total count
                 A         B        C        D         E       F
            +---------+---------+-------+---------+---------+-------
      Total |      56 |       4 |   6.7 |      31 |       3 |   8.8
            +---------+---------+-------+---------+---------+-------
        D:1 |      38 |       4 |   9.5 |      22 |       3 |  12.0
        D:2 |      18 |       0 |   0.0 |       9 |       0 |   0.0
            +---------+---------+-------+---------+---------+-------
